 Dungeon Crawl Stone Soup version 0.31-a0-740-g87205ac768 (webtiles) character file.

Game seed: 12982263662681567411

182 MackTheKnife the Sneak (level 5, -3/31 HPs)
             Began as an Octopode Wanderer on Sept 12, 2023.
             Killed from afar by an orc wizard (11 damage)
             ... with a puff of flame
             ... on level 3 of the Dungeon.
             The game lasted 00:03:48 (2397 turns).

MackTheKnife the Sneak (Octopode Wanderer)          Turns: 2397, Time: 00:03:49

Health: -3/31      AC:  1    Str: 10    XL:     5   Next: 61%
Magic:  3/6        EV: 12    Int: 16    God:
Gold:   90         SH:  0    Dex: 13    Spells: 2/6 levels left

rFire   . . .        t - +2 whip (drain) {mace}
rCold   . . .        (no shield)
rNeg    . . .        (helmet restricted)
rPois   .            (no amulet)
rElec   .            j - ring of resist corrosion
rCorr   +            (no ring)
SInv    .            (no ring)
Will    .....        (no ring)
Stlth   ++++         (no ring)
HPRegen 0.25/turn    (no ring)
MPRegen 0.10/turn    (no ring)
                     (no ring)

%: no passive effects
@: no status effects
A: almost no armour, amphibious, 8 rings, camouflage 1, gelatinous body 1,
(nimble swimmer 1), tentacles
a: no special abilities


You were on level 3 of the Dungeon.
You visited 1 branch of the dungeon, and saw 3 of its levels.

You collected 90 gold pieces.


Innate Abilities, Weirdness & Mutations

You cannot wear most types of armour.
You are amphibious.
You can wear up to eight rings at the same time.
Your skin changes colour to match your surroundings (Stealth+).
Your rubbery body absorbs attacks. (AC +1, EV +1)
((You are camouflaged when in or above water. (Stealth+)))
You have tentacles for arms and can constrict up to eight enemies at once.


   Skills:
 - Level 1.0 Dodging
 - Level 6.6 Stealth
 - Level 1.0 Spellcasting
 + Level 6.1 Summonings


You had 2 spell levels left.
You knew the following spells:

 Your Spells              Type           Power      Damage    Failure   Level
a - Summon Small Mammal   Summ           80%        N/A       1%          1
b - Call Canine Familiar  Summ           20%        N/A       5%          3

Your spell library contained the following spells:

 Spells                   Type           Power      Damage    Failure   Level
 Shock                    Conj/Air       0%         1d3       22%         1
 Gell's Gravitas          Tloc           0%         N/A       56%         3
 Swiftness                Air            0%         N/A       56%         3
 Teleport Other           Tloc           0%         N/A       56%         3
 Airstrike                Air            0%         2d(0-16)  92%         4
 Dispersal                Tloc           0%         N/A       100%        6

Inventory:

Hand Weapons
 t - a +2 whip of draining (weapon) {mace}
   (You took it off a kobold on level 3 of the Dungeon)
Missiles
 b - 7 atropa-tipped darts {throwing}
 c - a datura-tipped dart {throwing}
Magical Staves
 k - a staff of conjuration {!a@e2staff}
   (You found it on level 1 of the Dungeon)
Jewellery
 j - a ring of resist corrosion (left tentacle)
   (You found it on level 1 of the Dungeon)
 o - an amulet of faith {!P}
   (You found it on level 2 of the Dungeon)
Talismans
 p - a dragon-blood talisman
   (You found it on level 2 of the Dungeon)
Wands
 a - a wand of paralysis (5)
   (You found it on level 3 of the Dungeon)
Scrolls
 d - 2 scrolls of fog
 f - 2 scrolls of vulnerability {unknown}
 g - a scroll of amnesia {unknown}
 i - 2 scrolls of immolation {unknown}
 l - 2 scrolls of enchant weapon {unknown}
 n - 2 scrolls of teleportation {unknown}
 q - 2 scrolls of revelation {unknown}
 r - a scroll of identify {unknown}
 u - a scroll of enchant armour {unknown}
Potions
 e - 4 potions of heal wounds {@q2}
 h - 2 potions of attraction {unknown}
 m - a potion of berserk rage {unknown}
 s - a potion of lignification {unknown}
 v - a potion of resistance {unknown}

Dungeon Overview and Level Annotations

Branches:
Dungeon (3/15) Zot: 15601

Altars:
Uskayaw

########## .........# ##
.....:...# #.
......{..##############.
......)@h...........#.#.
#######r#.............#.
#.#.#...#####.#.##
#.#.#.#.# #.#...
#.#.#.#.# ###...#.
####...#.#.###.....#.
...............+.......
#.#..#.......#.#.......
#.)###.###.#.#######.


You could see a friendly hound (summoned, confused) and a friendly rat
(summoned).


Message History

Confirm with . or Enter, or press ? or * to list all spells.
The orc shouts!
An orc comes into view. It is wielding a +0 club. 😎 MP[-3]
You lost 3 mp, and now have 3/6 mp.
There is an open door here.
Unknown command.
Your hound bites the orc.
The orc hits your hound with a +0 dagger.
Your hound barely misses the orc wizard.
The orc completely misses your hound.
Casting: Call Canine Familiar (dangerous; 6% risk of failure)
Confirm with . or Enter, or press ? or * to list all spells.
Your hound closely misses the orc wizard.
Your hound bites the orc wizard.
The orc barely misses your hound. 😎 MP[-1]
You lost 1 mp, and now have 2/6 mp.
Unknown command.
You barely miss the orc. You grab the orc.
You constrict the orc, but do no damage.
The orc barely misses you.
Your hound barely misses the orc wizard.
The orc completely misses your hound. The orc closely misses you.
You hit the orc.
You kill the orc!
Your hound misses the orc wizard.
Your hound bites the orc wizard.
The orc hits your hound with a +0 dagger.
Something hits your hound.
You hit the orc but do no damage. You drain the orc. You grab the orc.
You constrict the orc, but do no damage.
Your hound misses the orc wizard. The orc hits you with a +0 club.
The orc hits your hound with a +0 dagger.
Something hits your hound. 😕 HP[-4]
You take 4 damage, and now have 27/31 hp.
You hit the orc.
You constrict the orc, but do no damage.
Your hound bites the orc wizard but does no damage.
Your hound barely misses the orc wizard.
The orc hits you with a +0 club. The orc misses your hound.
Something barely misses your hound. 😕 HP[-2]
You take 2 damage, and now have 25/31 hp.
You hit the orc but do no damage. You drain the orc.
You kill the orc!
Your hound barely misses the orc wizard.
Something closely misses your hound. 😕 MP[+1]
You barely miss the orc wizard. You grab the orc wizard.
You constrict the orc wizard.
Your hound bites the orc wizard.
The orc wizard completely misses you. 😕 HP[+1]
You barely miss the orc wizard.
You squeeze the orc wizard, but do no damage.
You constrict the orc wizard, but do no damage.
Your hound bites the orc wizard.
The orc wizard casts a spell.
The orc wizard flickers and vanishes!
Deactivating autopickup; reactivate with Ctrl-A.
The orc closely misses your hound. The orc wizard closely misses you.
Your hound bites the orc wizard.
You barely miss the orc wizard.
You constrict the orc wizard, but do no damage.
Your hound barely misses the orc wizard.
The orc misses your hound. Something barely misses your hound.
The orc wizard casts a spell at you. The magic dart hits you.
Your hound bites the orc wizard.
The orc wizard dies!
Your Summonings skill increases to level 6! 😮 HP[-6]
You take 6 damage, and now have 20/31 hp.
The orc hits you with a +0 dagger.
You hear some strange, mumbled words.
Your hound appears confused.
There is an open door, spattered with blood here.
Items here: ))) [[[. 😮 HP[-4]
You take 4 damage, and now have 16/31 hp.
You hit the orc. Your grab misses the orc. You squeeze the orc.
You kill the orc!
You hear some strange, mumbled words.
Something tries to affect you, but you resist. 😮 HP[+1]
Something hits you.
* * * LOW HITPOINT WARNING * * *
😨 HP[-4]
You take 4 damage, and now have 13/31 hp.
Unknown command.
You closely miss something.
Your hound barely misses your rat.
Something hits you.
* * * LOW HITPOINT WARNING * * *
Something hits you.
* * * LOW HITPOINT WARNING * * *
😨 HP[-5]
You take 5 damage, and now have 8/31 hp.
You barely miss something. Your squeeze misses something.
You hear some strange, mumbled words.
A puff of flame appears from out of thin air!
The puff of flame hits you!
You die...

Skill      XL: |  1  2  3  4  5 |
---------------+----------------+-----
Summonings     | 4 5 6 |  6.1
Dodging        | |  1.0
Stealth        | |  6.6
Spellcasting   | |  1.0

Action                     |  1- 3 |  4- 6 || total
---------------------------+-------+-------++-------
  Melee: Dagger            |    80 |    43 ||   123
         Constrict         |    16 |    17 ||    33
         Tentacles         |    10 |    14 ||    24
         Whip              |       |    19 ||    19
   Cast: Summon Small Mamm |    16 |     2 ||    18
         Call Canine Famil |     1 |     3 ||     4
   Stab: Sleeping          |    16 |     6 ||    22
         Distracted        |     1 |     1 ||     2
 Armour: Skin              |    36 |    40 ||    76
  Dodge: Dodged            |    51 |    39 ||    90

Levels and vault maps discovered:
D:1:      erik_arrival_triangle_small, layout_loops_corners
D:2:      layout_loops_cross, basic_altar, uniq_natasha
D:3:      minmay_roachtagon, layout_basic, amcnicky_mini_corridor_feature,
          uniq_pargi

Notes
Turn   | Place    | Note
-------+----------+-------------------------------------------
     0 | D:1      | MackTheKnife the Octopode Wanderer began the quest for the
                  | Orb.
     0 | D:1      | MackTheKnife set off with the following items: a +0 dagger
                  | {short}, 2 atropa-tipped darts {throwing}, a datura-tipped
                  | dart {throwing}, a scroll of fog, a potion of heal wounds
                  | {@q2}; and the following spell memorised: Summon Small
                  | Mammal; and the following spells available to memorise:
                  | Call Canine Familiar.
     0 | D:1      | Reached XP level 1. HP: 11/11 MP: 2/2
     0 | D:1      | magus.rc [v1.9.6]
    54 | D:1      | You add the spells Gell's Gravitas, Teleport Other and
                  | Dispersal to your library.
   254 | D:1      | HP: 1/11 [kobold/stone (2)]
   264 | D:1      | HP: 2/11 [kobold/stone (1)]
   464 | D:1      | HP: 2/11 [frozen (3)]
   513 | D:1      | Reached XP level 2. HP: 13/17 MP: 1/3
  1106 | D:2      | Reached skill level 4 in Summonings
  1185 | D:2      | Reached XP level 3. HP: 21/21 MP: 2/4
  1205 | D:2      | Learned a level 3 spell: Call Canine Familiar
  1221 | D:2      | You pick up a book of Air and begin reading...
  1221 | D:2      | You add the spells Shock, Swiftness and Airstrike to your
                  | library.
  1622 | D:2      | Found a hide-covered altar of Uskayaw.
  1622 | D:2      | Noticed Natasha
  1628 | D:2      | Killed Natasha
  1629 | D:2      | Reached skill level 5 in Summonings
  1629 | D:2      | Reached XP level 4. HP: 27/27 MP: 1/5
  1702 | D:2      | Noticed Natasha
  1711 | D:2      | Killed Natasha
  1948 | D:3      | Reached XP level 5. HP: 24/31 MP: 6/6
  2393 | D:3      | Reached skill level 6 in Summonings
  2397 | D:3      | Killed from afar by an orc wizard

Vanquished Creatures
  Natasha (twice) (D:2)
  3 adders
  3 orcs (D:3)
  8 bats
  4 endoplasms
  9 giant cockroaches
  4 goblins (D:2)
  9 hobgoblins
  A quokka (D:3)
  3 ball pythons
  2 frilled lizards
  6 kobolds
  7 rats
61 creatures vanquished.

Vanquished Creatures (collateral kills)
  An orc wizard (D:3)
  An adder (D:3)
  An endoplasm (D:2)
  A giant cockroach (D:3)
  A ball python (D:1)
  A bat (D:3)
6 creatures vanquished.

Grand Total: 67 creatures vanquished

Table legend:
 A = Non-vault XP
 B = Vault XP
 C = Vault XP percentage of total XP
 D = Non-vault monster count
 E = Vault monster count
 F = Vault count percentage of total count
                 A         B        C        D         E       F
            +---------+---------+-------+---------+---------+-------
      Total |     209 |      51 |  19.6 |      58 |       9 |  13.4
            +---------+---------+-------+---------+---------+-------
        D:1 |      26 |       0 |   0.0 |      17 |       0 |   0.0
        D:2 |      86 |      37 |  30.1 |      27 |       2 |   6.9
        D:3 |      97 |      14 |  12.6 |      14 |       7 |  33.3
            +---------+---------+-------+---------+---------+-------

Skill      XL: |  1  2  3  4  5 |
---------------+----------------+-----
Summonings     | 4 5 6 |  6.1
Dodging        | |  1.0
Stealth        | |  6.6
Spellcasting   | |  1.0

Action                     |  1- 3 |  4- 6 || total
---------------------------+-------+-------++-------
  Melee: Dagger            |    80 |    43 ||   123
         Constrict         |    16 |    17 ||    33
         Tentacles         |    10 |    14 ||    24
         Whip              |       |    19 ||    19
   Cast: Summon Small Mamm |    16 |     2 ||    18
         Call Canine Famil |     1 |     3 ||     4
   Stab: Sleeping          |    16 |     6 ||    22
         Distracted        |     1 |     1 ||     2
 Armour: Skin              |    36 |    40 ||    76
  Dodge: Dodged            |    51 |    39 ||    90

Illustrated notes

Table legend:
 A = Kills in this place as a percentage of kills in the entire game.
 B = Kills by you in this place as a percentage of kills by you in the entire game.
 C = Kills by friends in this place as a percentage of kills by friends in the entire game.
 D = Other kills in this place as a percentage of other kills in the entire game.
 E = Experience gained in this place as a percentage of experience gained in the entire game.
 F = Experience gained in this place divided by the number of levels of this place that you have seen.
                   A       B       C       D       E      F
               +-------+-------+-------+-------+-------+----------------------
         Total | 100.0 | 100.0 | 100.0 |   N/A | 100.0 |  86.7
       Dungeon | 100.0 | 100.0 | 100.0 |   N/A | 100.0 |  86.7
               +-------+-------+-------+-------+-------+----------------------

Table legend: (Time is in decaauts)
 A = Elapsed time spent in this place.
 B = Non-inter-level travel time spent in this place.
 C = Inter-level travel time spent in this place.
 D = Time resting spent in this place.
 E = Time spent auto-exploring this place.
 F = Levels seen in this place.
 G = Mean time per level.
                   A        B        C        D        E       F      G
               +--------+--------+--------+--------+--------+-----+--------+
         Total |   2397 |   2299 |     98 |    119 |   1650 |   3 |  799.0 |
       Dungeon |   2397 |   2299 |     98 |    119 |   1650 |   3 |  799.0 |
               +--------+--------+--------+--------+--------+-----+--------+

Top non-repeatable levels by time:
     D:1: 1056 daAuts
     D:2: 842 daAuts
     D:3: 498 daAuts
